 Dungeon Crawl Stone Soup version 0.24.0-125-gc4c63601f3 (webtiles) character file.

Game seed: 7465314379926891538, levelgen mode: deterministic

44681 mortelune the Arsonist (level 14, -5/132 HPs)
             Began as a Naga Fire Elementalist on Mar 8, 2020.
             Was a High Priest of Kikubaaqudgha.
             Killed from afar by a deep elf mage (23 damage)
             ... with a bolt of lightning
             ... on level 12 of the Dungeon.
             The game lasted 01:23:18 (31437 turns).

mortelune the Arsonist (Naga Fire Elementalist)    Turns: 31437, Time: 01:23:18

Health: -5/132     AC: 15    Str: 14    XL:     14   Next: 29%
Magic:  20/28      EV:  7    Int: 21    God:    Kikubaaqudgha [*****.]
Gold:   709        SH:  0    Dex: 11    Spells: 6/34 levels left

rFire    + . .     SeeInvis +   E - +5 scimitar (freeze) (curse)
rCold    x . .     Gourm    .   (no shield)
rNeg     . . .     Faith    .   F - +0 troll leather armour
rPois    +         Spirit   .   H - +1 helmet
rElec    .         Reflect  .   (no cloak)
rCorr    .         Harm     .   h - +0 pair of gloves
MR       +....                  j - +0 naga barding
Stlth    ++........             (no amulet)
HPRegen  1.72/turn              B - +3 ring of strength
MPRegen  0.21/turn              L - ring of fire

@: regenerating (expiring), very slow
A: large, see invisible, deformed body, poison resistance, slowness 2, slow
metabolism 1, spit poison 1, constrict 1, AC +4
a: Spit Poison, Receive Corpses, Torment, Renounce Religion


You were on level 12 of the Dungeon.
You worshipped Kikubaaqudgha.
Kikubaaqudgha was extremely pleased with you.
You were not hungry.

You visited 3 branches of the dungeon, and saw 19 of its levels.

You collected 986 gold pieces.
You spent 277 gold pieces at shops.

Inventory:

Hand Weapons
 g - a +0 club
 n - a +2 flail of holy wrath
 y - a cursed +4 morningstar of freezing
 E - a cursed +5 scimitar of freezing (weapon)
Armour
 b - a +0 robe of cold resistance
 h - a +0 pair of gloves (worn)
 j - a +0 naga barding (worn)
 C - a +1 leather armour of magic resistance
 F - a +0 troll leather armour (worn)
 H - a +1 helmet (worn)
Jewellery
 a - an uncursed amulet of harm
 B - a +3 ring of strength (left hand)
 L - a ring of fire (right hand)
 O - an uncursed ring of resist corrosion
 V - an uncursed ring of poison resistance
Wands
 D - a wand of random effects (47)
 G - a wand of flame (22)
 J - a wand of iceblast (7)
 K - a wand of polymorph (15)
 P - a wand of enslavement (4)
Scrolls
 d - 3 scrolls of blinking
 f - 7 scrolls of identify
 i - 9 scrolls of teleportation
 k - a scroll of immolation
 l - 5 scrolls of remove curse
 m - 8 scrolls of amnesia
 q - 3 scrolls of magic mapping
 r - 3 scrolls of enchant armour
 t - 2 scrolls of torment
 v - 10 scrolls of fog
 A - 3 scrolls of fear
 S - a scroll of enchant weapon
 U - a scroll of brand weapon
Potions
 e - 3 potions of berserk rage
 o - a potion of lignification
 p - 2 potions of might
 s - a potion of heal wounds
 u - a potion of invisibility
 w - 2 potions of cancellation
 x - a potion of agility
 z - 3 potions of mutation
 I - 5 potions of brilliance
 M - 2 potions of curing
 N - 2 potions of flight
 R - 3 potions of resistance
 T - a potion of haste
Miscellaneous
 Q - a sack of spiders
Comestibles
 c - 21 rations


   Skills:
 + Level 10.0 Fighting
 + Level 4.5 Long Blades
 + Level 3.7 Armour
 - Level 1.5 Dodging
 - Level 3.0 Stealth
 + Level 10.6 Spellcasting
 - Level 6.2 Conjurations
 - Level 5.0 Summonings
 + Level 6.6 Necromancy
 + Level 11.7 Fire Magic
 - Level 10.0 Air Magic


You had 6 spell levels left.
You knew the following spells:

 Your Spells              Type           Power        Failure   Level  Hunger
a - Flame Tongue          Conj/Fire      #####        1%          1    None
b - Throw Flame           Conj/Fire      ######       1%          2    None
c - Conjure Flame         Conj/Fire      ######..     1%          3    None
d - Sticky Flame          Conj/Fire      ######..     1%          4    ##.....
e - Fireball              Conj/Fire      ######....   4%          5    ####...
f - Summon Lightning Spi  Summ/Air       #####...     3%          4    ##.....
g - Sublimation of Blood  Necr           #####.....   1%          2    None
q - Animate Dead          Necr           N/A          4%          4    ##.....
r - Regeneration          Chrm/Necr      ####......   6%          3    None

Your spell library contained the following spells:

 Spells                   Type           Power        Failure   Level  Hunger
 Animate Skeleton         Necr           N/A          1%          1    None
 Pain                     Necr           ####         1%          1    None
 Summon Butterflies       Summ           ####....     1%          1    None
 Summon Small Mammal      Summ           ####         1%          1    None
 Call Imp                 Summ           ####....     1%          2    None
 Inner Flame              Hex/Fire       ######..     1%          3    None
 Call Canine Familiar     Summ           ####....     2%          3    None
 Throw Frost              Conj/Ice       ###...       3%          2    None
 Freeze                   Ice            ##..         8%          1    None
 Summon Guardian Golem    Hex/Summ       ###.....     9%          3    None
 Bolt of Draining         Conj/Necr      #####.....   14%         5    ####...
 Dispel Undead            Necr           #####...     14%         5    ####...
 Bolt of Magma            Conj/Fire/Erth ######....   17%         5    ####...
 Throw Icicle             Conj/Ice       ###.....     21%         4    ##.....
 Ozocubu's Armour         Chrm/Ice       ##......     22%         3    None
 Summon Ice Beast         Ice/Summ       ###.....     26%         4    ##.....
 Excruciating Wounds      Chrm/Necr      ####......   47%         5    ####...
 Irradiate                Conj/Tmut      ###.......   50%         5    ####...
 Iskenderun's Battlesphe  Conj/Chrm      ###.....     50%         5    ####...
 Venom Bolt               Conj/Pois      ###.......   50%         5    ####...
 Olgreb's Toxic Radiance  Pois           ##......     58%         4    ##.....
 Summon Mana Viper        Hex/Summ       ###.....     58%         5    ####...
 Simulacrum               Ice/Necr       ####......   96%         6    ######.
 Iron Shot                Conj/Erth      ###.......   97%         6    ######.
 Hydra Form               Tmut           ##........   100%        6    ######.
 Statue Form              Tmut/Erth      ##.......    100%        6    ######.
 Orb of Destruction       Conj           #####.....   99%         7    #######
 Spellforged Servitor     Conj/Summ      ####......   99%         7    #######
 Dragon Form              Tmut           ##........   100%        7    #######
 Summon Hydra             Summ           ####......   100%        7    #######


Dungeon Overview and Level Annotations

Branches:
Dungeon (12/15)            Temple (1/1) D:7            Lair (6/6) D:11
  Swamp (0/4) Lair:2        Snake (0/4) Lair:2        Slime (0/5) Lair:5
    Orc (0/2) D:9

Altars:
Ashenzari
Cheibriados
Dithmenos
Elyvilon
Fedhas
Gozag
Hepliaklqana
Kikubaaqudgha
Makhleb
Nemelex Xobeh
Okawaru
Qazlal
Ru
Sif Muna
Trog
Uskayaw
Vehumet
Wu Jian
Xom
Yredelemnul
Zin
The Shining One
Jiyva

Shops:
D:5 ?   D:8 }


Innate Abilities, Weirdness & Mutations

You cannot wear boots.
Your serpentine skin is tough. (AC +4)
You have supernaturally acute eyesight. (SInv)
Armour fits poorly on your strangely shaped body.
Your system is resistant to poisons. (rPois)
You cover ground very slowly.
You have a slow metabolism.
You can spit poison.
You can use your snake-like lower body to constrict enemies.


Message History

Casting: Sublimation of Blood (safe; 1% risk of failure)
Confirm with . or Enter, or press ? or * to list all spells.
Aiming: Fireball (safe; 4% risk of failure)
Press: ? - help, Shift-Dir - straight line You feel a surge of power!
The fireball explodes!
The fireball engulfs the deep elf mage!!
The deep elf mage is severely wounded.
The deep elf mage gestures at you while chanting.
The bolt of lightning hits your deep elf mage zombie!!!
The bolt of lightning hits you!
* * * LOW HITPOINT WARNING * * *
You feel much better.
The deep elf archer shoots an arrow.
The arrow hits your deep elf mage zombie!
The centaur warrior skeleton hits you but does no damage.
The deep elf mage casts a spell at you. The bolt of lightning hits you!!
* * * LOW HITPOINT WARNING * * *
The bolt of lightning hits you!!
You die...
Kikubaaqudgha rasps: "You have failed me!
Welcome... death!"

#.....#######
#..#........######
#................[
#.....#...#.###### .
#..#..#...#.#
#''########....^#...#.######
.........Z.e...>............
F..)....)......#####........
#..#..#..#Z@...##...........
.....eZ(.()...##...........
#################..........)
#............###.###
########.........#### #.###
#................# #...#
#................# #.#[#
#........######### #.#.)
#........# #.#.>


You could see a deep elf archer, a deep elf mage, a centaur warrior skeleton and
2 friendly deep elf mage zombies.

Vanquished Creatures
  Rupert (D:12)
  Nessos (Lair:6)
  Snorg (Lair:3)
  4 hydras
  2 two-headed ogres (D:12)
  Erica (D:12)
  An ogre mage (D:12)
  A death yak (Lair:5)
  4 unseen horrors
  8 deep elf magi (D:12)
  A cyclops (D:12)
  4 black mambas
  4 elephants (Lair:3)
  3 gargoyles
  2 spiny frogs
  5 komodo dragons
  A rime drake (Lair:4)
  A troll (D:12)
  2 hornets
  3 slime creatures
  6 blink frogs
  7 hippogriffs
  A bog body (Lair:2)
  A shadow (D:10)
  21 yaks
  2 wyverns
  7 basilisks
  2 hungry ghosts
  A steam dragon (Lair:6)
  A swamp worm (Lair:2)
  11 water moccasins
  An acid dragon (D:12)
  A hell hound (Lair:6)
  4 porcupines
  A hornet zombie (D:10)
  3 sky beasts
  A necrophage (D:6)
  7 orc warriors
  4 ice beasts
  2 phantoms
  A black bear (D:7)
  4 centaurs
  13 ogres
  12 crocodiles
  12 bullfrogs
  A water moccasin zombie (D:5)
  A wyvern skeleton (D:9)
  3 scorpions
  18 killer bees
  21 wights
  6 howler monkeys (D:11)
  2 electric eels
  3 bullfrog zombies
  4 crimson imps
  2 centaur zombies (D:8)
  7 hounds
  A quasit (D:8)
  12 orc priests
  A jelly (D:10)
  3 centaur skeletons
  9 orc wizards
  2 bullfrog skeletons
  An iguana (D:7)
  7 hell rats (Lair:4)
  11 worker ants
  2 hound skeletons
  A howler monkey zombie (D:11)
  3 worker ant zombies
  22 adders
  12 gnolls
  3 adder zombies
  2 adder skeletons
  A worm (D:4)
  3 leopard geckos
  48 orcs
  2 ball pythons
  3 giant cockroaches
  7 hobgoblins
  5 jackals
  3 kobolds (D:2)
  7 quokkas
  A ball python zombie (D:6)
  15 bats
  3 frilled lizards
  A giant cockroach zombie (D:4)
  7 goblins
  2 leopard gecko skeletons (D:4)
  2 leopard gecko zombies
  6 rats
452 creatures vanquished.

Vanquished Creatures (collateral kills)
  Urug (Lair:4)
  2 death yaks (Lair:5)
  An orc knight (D:12)
  3 elephants
  2 black mambas
  A molten gargoyle (Lair:6)
  A rime drake (Lair:6)
  A slime creature (D:11)
  A hippogriff (Lair:6)
  2 blink frogs
  7 yaks
  A steam dragon (D:11)
  3 hell hounds (Lair:6)
  An orc warrior (D:12)
  A porcupine (Lair:1)
  An ogre (D:12)
  A bullfrog (Lair:1)
  A killer bee (D:11)
  A crimson imp (D:10)
  2 adders
  An orc (D:12)
35 creatures vanquished.

Vanquished Creatures (others)
  A bullfrog (D:12)
  A wight (D:11)
  17 fungi
  8 plants
27 creatures vanquished.

Grand Total: 514 creatures vanquished

Notes
Turn   | Place    | Note
-------+----------+-------------------------------------------
     0 | D:1      | mortelune the Naga Fire Elementalist began the quest for
                  | the Orb.
     0 | D:1      | Reached XP level 1. HP: 15/15 MP: 3/3
   550 | D:1      | Reached XP level 2. HP: 22/22 MP: 3/5
   576 | D:1      | Learned a level 2 spell: Throw Flame
  1284 | D:2      | Reached XP level 3. HP: 28/28 MP: 1/6
  1289 | D:2      | Learned a level 3 spell: Conjure Flame
  1595 | D:2      | Reached XP level 4. HP: 11/36 MP: 0/7
  1965 | D:2      | Reached skill level 4 in Fire Magic
  2491 | D:2      | Found a bloodstained altar of Trog.
  2492 | D:2      | Found an ornate altar of the Wu Jian Council.
  2493 | D:2      | Found a shadowy altar of Dithmenos.
  2834 | D:3      | Reached XP level 5. HP: 42/42 MP: 2/9
  3757 | D:3      | Reached XP level 6. HP: 48/49 MP: 2/10
  4111 | D:3      | Learned a level 4 spell: Sticky Flame
  4655 | D:4      | Found an ancient bone altar of Kikubaaqudgha.
  4666 | D:4      | Became a worshipper of Kikubaaqudgha
  4718 | D:4      | Found a hazy altar of Hepliaklqana.
  5394 | D:5      | Entered Level 5 of the Dungeon
  5394 | D:5      | Found a shimmering altar of Xom.
  5712 | D:5      | Reached skill level 5 in Fire Magic
  5804 | D:5      | Reached XP level 7. HP: 50/55 MP: 3/12
  6280 | D:5      | Found Ciestil's Magic Scroll Emporium.
  6283 | D:5      | Bought a scroll of identify for 30 gold pieces
  6283 | D:5      | Bought a scroll of identify for 30 gold pieces
  6283 | D:5      | Bought a scroll of identify for 30 gold pieces
  6283 | D:5      | Bought a scroll of identify for 30 gold pieces
  6283 | D:5      | Bought a scroll of fog for 30 gold pieces
  6283 | D:5      | Bought a scroll of fear for 52 gold pieces
  6283 | D:5      | Bought a scroll of teleportation for 45 gold pieces
  6283 | D:5      | Bought a scroll of fog for 30 gold pieces
  6295 | D:5      | Reached skill level 5 in Conjurations
  6302 | D:5      | Learned a level 5 spell: Fireball
  6456 | D:5      | Reached skill level 6 in Fire Magic
  6456 | D:5      | Reached XP level 8. HP: 62/62 MP: 1/15
  7129 | D:5      | Reached * piety under Kikubaaqudgha
  7129 | D:5      | Identified Kikubaaqudgha's Guide on Sinister Rituals
                  | (Kikubaaqudgha gifted it to you on level 5 of the Dungeon)
  7129 | D:5      | Received a gift from Kikubaaqudgha
  7129 | D:5      | Reached skill level 5 in Spellcasting
  7660 | D:5      | Found a sparkling altar of Nemelex Xobeh.
  7675 | D:5      | Found a shattered altar of Ashenzari.
  7676 | D:5      | Found a basalt altar of Yredelemnul.
  7939 | D:6      | Reached skill level 1 in Fighting
  9750 | D:6      | Reached skill level 7 in Fire Magic
  9750 | D:6      | Reached XP level 9. HP: 74/74 MP: 12/17
  9874 | D:6      | Learned a level 4 spell: Summon Lightning Spire
  9931 | D:7      | Reached skill level 1 in Air Magic
 10667 | D:7      | Found a white marble altar of Elyvilon.
 10678 | D:7      | Identified the +4 shield of Wu Jian's Envy {rElec MR+}
 10932 | D:7      | Found a shimmering blue altar of Sif Muna.
 11077 | D:7      | Found a staircase to the Ecumenical Temple.
 11138 | Temple   | Entered the Ecumenical Temple
 11180 | D:7      | Found a white marble altar of Elyvilon.
 11626 | D:8      | Reached ** piety under Kikubaaqudgha
 11891 | D:8      | Noticed a hornet
 11898 | D:8      | Killed a hornet
 11981 | D:8      | Reached XP level 10. HP: 52/87 MP: 14/20
 12048 | D:8      | Reached skill level 5 in Air Magic
 12179 | D:8      | Reached skill level 8 in Fire Magic
 12540 | D:8      | Found a sacrificial altar of Ru.
 12551 | D:8      | Reached skill level 5 in Fighting
 12931 | D:8      | Found a blossoming altar of Fedhas.
 13083 | D:8      | Found Binon's Gadget Shoppe.
 13350 | D:9      | Noticed Erica
 13604 | D:9      | You fall into a shaft and drop 2 floors!
 13605 | D:11     | Noticed an unseen horror
 13613 | D:11     | Killed an unseen horror
 13755 | D:11     | Reached skill level 1 in Summonings
 13931 | D:10     | Entered Level 10 of the Dungeon
 14126 | D:10     | Reached XP level 11. HP: 97/97 MP: 17/22
 14556 | D:9      | Found a staircase to the Orcish Mines.
 14625 | D:9      | Found a white marble altar of Elyvilon.
 14787 | D:9      | Reached *** piety under Kikubaaqudgha
 14787 | D:9      | Identified Kikubaaqudgha's Grimoire of Black Rituals
                  | (Kikubaaqudgha gifted it to you on level 9 of the Dungeon)
 14787 | D:9      | Received a gift from Kikubaaqudgha
 14878 | D:9      | Reached skill level 9 in Fire Magic
 15515 | D:10     | Noticed an unseen horror
 15520 | D:10     | Killed an unseen horror
 16041 | D:10     | Noticed an unseen horror
 16046 | D:10     | Killed an unseen horror
 17767 | D:11     | Reached **** piety under Kikubaaqudgha
 18312 | D:11     | Found a staircase to the Lair.
 18648 | Lair:1   | Entered Level 1 of the Lair of Beasts
 18749 | Lair:1   | Reached XP level 12. HP: 49/109 MP: 0/24
 19033 | Lair:1   | Noticed a five-headed hydra
 19038 | Lair:1   | Killed a five-headed hydra
 19341 | Lair:1   | Identified the Catalogue of Intoxication and the Blaze
 20427 | Lair:2   | Learned a level 3 spell: Regeneration
 20430 | Lair:2   | Learned a level 2 spell: Sublimation of Blood
 20435 | Lair:2   | Learned a level 4 spell: Animate Dead
 20548 | Lair:2   | Reached skill level 10 in Air Magic
 20889 | Lair:2   | Reached skill level 1 in Necromancy
 20889 | Lair:2   | Reached skill level 10 in Fire Magic
 21019 | Lair:2   | Reached skill level 5 in Summonings
 21192 | Lair:2   | Found a staircase to the Swamp.
 21305 | Lair:2   | Found a staircase to the Snake Pit.
 22898 | Lair:3   | Noticed Snorg
 22910 | Lair:3   | Killed Snorg
 24384 | Lair:4   | Noticed a four-headed hydra
 24390 | Lair:4   | Killed a four-headed hydra
 24390 | Lair:4   | Gained mutation: You can use your snake-like lower body to
                  | constrict enemies. [Naga growth]
 24390 | Lair:4   | Reached XP level 13. HP: 118/118 MP: 0/26
 24562 | Lair:4   | Noticed Urug
 25186 | Lair:4   | Killed Urug
 25939 | Lair:5   | Reached skill level 1 in Long Blades
 26143 | Lair:5   | Found a staircase to the Slime Pits.
 26144 | Lair:5   | Found a viscous altar of Jiyva.
 26344 | Lair:5   | Reached skill level 1 in Armour
 26344 | Lair:5   | Reached skill level 11 in Fire Magic
 26627 | Lair:6   | Entered Level 6 of the Lair of Beasts
 26920 | Lair:6   | Reached skill level 5 in Necromancy
 27037 | Lair:6   | Noticed Nessos
 27050 | Lair:6   | Killed Nessos
 27161 | Lair:6   | Reached skill level 10 in Spellcasting
 28330 | D:12     | Found a basalt altar of Yredelemnul.
 28471 | D:12     | Killed Erica
 28802 | D:12     | Noticed Rupert
 28885 | D:12     | Paralysed by Rupert for 3 turns
 28894 | D:12     | Killed Rupert
 29522 | D:12     | Reached XP level 14. HP: 107/130 MP: 12/28
 30423 | D:12     | Reached ***** piety under Kikubaaqudgha
 31351 | D:12     | Reached skill level 10 in Fighting
 31437 | D:12     | Killed from afar by a deep elf mage

Levels and vault maps discovered:
D:1:      tarquinn_simple_flora_water_f, layout_loops_ring, minmay_tetromino_i2
D:2:      layout_loops_cross, gammafunk_temple_overflow_claw, first_ration,
          dk_vineyard_2, st_stairs_6, roderic_lattice_a
D:3:      layout_rooms
D:4:      layout_loops_ring, lemuel_zombie_altar_kikubaaqudgha, kennysheep_mini,
          serial_undead, serial_undead_f, serial_undead_c, serial_undead_f,
          serial_undead_b, st_stairs_3, minmay_strange_pillars,
          guppyfry_early_lair_pool
D:5:      layout_loops_corners, minitemple, serial_shops, shop, basic_altar
D:6:      layout_gridville
D:7:      layout_basic, overflow_temple_1_default, kennysheep_mini_moat,
          temple_statues, basic_altar
D:8:      layout_rooms, overflow_temple_1_default, lemuel_round_altar,
          serial_shops, shop
D:9:      layout_loops_ring, orc_0_dummy, basic_altar, serial_bayou_ford_a,
          uniq_erica
D:10:     layout_cave_pods
D:11:     layout_rooms, erik_lair_dragon
D:12:     minmay_elf_outpost, layout_basic, special_room [special_room_orc],
          grunt_pizzeria, yredelemnul_altar_generic, uniq_rupert
Temple:   eino_temple_lava
Lair:1:   layout_loops_ring, small_statue_intersection,
          chequers_serial_rivers_micro_c
Lair:2:   layout_long_grid, nicolae_swamp_entry_splash_gauntlet,
          minmay_snake_entry_six_corridors
Lair:3:   layout_cave_pods, uniq_snorg
Lair:4:   layout_roguey, grunt_megastairs_4, uniq_urug
Lair:5:   layout_misc_corridors, slime_altar_1
Lair:6:   cheibrodos_lair_end_hotspot, layout_cave_pods,
          ebering_ghost_inner_flame, minivault_29, uniq_nessos

Skill      XL: |  1  2  3  4  5  6  7  8  9 10 11 12 13 14 |
---------------+-------------------------------------------+-----
Conjurations   | 2 3 4 5 6 |  6.2
Fire Magic     | 4 5 6 7 8 9 10 11 | 11.7
Spellcasting   | 3 4 5 6 7 8 9 10 | 10.6
Fighting       | 2 4 5 7 8 9 10 | 10.0
Air Magic      | 4 7 9 10 | 10.0
Summonings     | 1 4 5 |  5.0
Necromancy     | 4 6 |  6.6
Long Blades    | 3 4 |  4.5
Armour         | 3 |  3.7
Dodging        | |  1.5
Stealth        | |  3.0

Action                   |  1- 3 |  4- 6 |  7- 9 | 10-12 | 13-15 || total
-------------------------+-------+-------+-------+-------+-------++-------
Melee: Club              |     4 |     2 |       |       |       ||     6
       Unarmed           |     1 |       |       |       |       ||     1
       Flail             |       |     8 |    45 |    10 |       ||    63
       Scimitar          |       |       |       |    28 |    57 ||    85
       Constrict         |       |       |       |       |    18 ||    18
 Cast: Flame Tongue      |    42 |    83 |   129 |   279 |    79 ||   612
       Throw Flame       |     8 |    64 |    87 |   155 |    80 ||   394
       Sticky Flame      |       |     3 |    25 |    72 |    54 ||   154
       Fireball          |       |       |     6 |    41 |    57 ||   104
       Conjure Flame     |       |       |     4 |     7 |     8 ||    19
       Summon Lightning  |       |       |       |    16 |    17 ||    33
       Sublimation of Bl |       |       |       |     4 |    30 ||    34
       Regeneration      |       |       |       |     2 |    15 ||    17
       Animate Dead      |       |       |       |       |    14 ||    14
Invok: Receive Corpses   |       |       |       |       |     5 ||     5
 Abil: Spit Poison       |       |       |       |     3 |     1 ||     4
Evoke: Wand              |       |       |       |     3 |     1 ||     4
  Use: Scroll            |       |     8 |     4 |    22 |     3 ||    37
       Potion            |       |       |     1 |     3 |     1 ||     5
 Stab: Distracted        |       |       |       |     1 |       ||     1
  Eat: Chunk             |     2 |    14 |    15 |    20 |    15 ||    66
       Ration            |       |       |     2 |     7 |     6 ||    15
Armor: Robe              |    12 |    42 |    61 |   108 |    67 ||   290
       Troll leather arm |       |       |       |       |    16 ||    16
Dodge: Dodged            |    22 |    20 |    58 |    74 |    72 ||   246
       Rpst.: Scimitar   |       |       |       |    13 |    13 ||    26
